 Dungeon Crawl Stone Soup version 0.21.1-1-g345015f (webtiles) character file.

43 lysyklops the Skirmisher (level 3, -3/33 HPs)
             Began as a Draconian Berserker on July 5, 2018.
             Was a Believer of Trog.
             Killed by divine providence
             ... invoked by an orc priest
              (9 damage)
             ... on level 3 of the Dungeon.
             The game lasted 00:04:01 (1468 turns).

lysyklops the Skirmisher (Draconian Berserker)      Turns: 1468, Time: 00:04:02

Health: -3/33      AC:  8    Str: 19    XL:     3   Next: 37%
Magic:  3/3        EV: 13    Int:  7    God:    Trog [**....]
Gold:   133        SH:  0    Dex: 11    Spells: 2/2 levels left

rFire    . . .     SeeInvis .   a - +0 falchion
rCold    . . .     Gourm    .   (no shield)
rNeg     . . .     Faith    .   (armour unavailable)
rPois    .         Spirit   .   (helmet restricted)
rElec    .         Reflect  .   m - +2 cloak
rCorr    .         Harm     .   (no gloves)
MR       .....                  (no boots)
Stlth    +.........             (no amulet)
HPRegen  0.11/turn              (no ring)
MPRegen  0.08/turn              (no ring)

@: berserk cooldown, slowed, very slow
A: unfitting armour, cold-blooded, AC +5
a: Berserk, Trog's Hand, Burn Spellbooks, Renounce Religion


You were on level 3 of the Dungeon.
You worshipped Trog.
Trog was pleased with you.
You were near starving.

You visited 1 branch of the dungeon, and saw 3 of its levels.

You collected 133 gold pieces.

Inventory:

Hand Weapons
 a - a +0 falchion (weapon)
Missiles
 e - 84 stones (quivered)
Armour
 m - a +2 cloak (worn)
Jewellery
 f - a +2 ring of evasion {unknown}
Scrolls
 c - a scroll of fear {unknown}
 d - 4 scrolls of identify {unknown}
 g - a scroll of immolation {unknown}
 h - 2 scrolls of amnesia {unknown}
 n - a scroll of magic mapping {unknown}
 p - a scroll of teleportation {unknown}
 q - a scroll of remove curse {unknown}
Potions
 i - a potion of mutation {unknown}
 j - a potion of flight {unknown}
 k - a potion of might {unknown}
 l - a potion of degeneration {unknown}
 o - a potion of ambrosia {unknown}
 r - 2 potions of brilliance {unknown}
 s - a potion of curing {unknown}
Comestibles
 b - 2 rations


   Skills:
 + Level 3.8 Fighting
 + Level 3.4 Long Blades
 + Level 3.3 Dodging


You had 2 spell levels left.
You didn't know any spells.

Dungeon Overview and Level Annotations

Branches:
Dungeon (3/15)

Altars:


Innate Abilities, Weirdness & Mutations

Your plain brown scales are hard. (AC +5)
You cannot fit into any form of body armour.
You are cold-blooded and may be slowed by cold attacks.


Message History

The orc's wounds heal themselves!
The orc closely misses you.
You closely miss the orc.
The orc wizard casts a spell.
The orc wizard seems to speed up.
The orc hits you but does no damage.
The orc priest calls down the wrath of Beogh upon you.
Beogh smites you!
* * * LOW HITPOINT WARNING * * *
You hit the orc.
The orc is heavily wounded.
The orc hits you but does no damage. x2
You completely miss the orc.
Your tail-slap misses the orc.
The orc is heavily wounded.
The orc wizard miscasts a cantrip.
The orc hits you but does no damage.
The orc priest calls upon Beogh to heal the orc.
The orc's wounds heal themselves!
The orc hits you but does no damage.
You hit the orc but do no damage.
The orc priest mumbles some strange prayers to Beogh against you.
Beogh smites you!
You die...

### ).# #.# #.#
###.#####
#####.......##
.......<##.#@#######...
..........###oooo......
#........## ##ooo......
#......... #.sl.......
#......#.#.#.#.#####...
#####.. ....##.# .. ###
.......# . ##.##### #


You could see an orc priest, an orc wizard, 5 orcs, a giant cockroach and a
frilled lizard.

Vanquished Creatures
  A gnoll (D:1)
  A dart slug (D:1)
  3 bats (D:1)
  3 giant cockroaches
  2 goblins
  5 hobgoblins
  3 jackals (D:2)
  A kobold (D:2)
  4 frilled lizards
  6 rats
29 creatures vanquished.

Notes
Turn   | Place    | Note
-------+----------+-------------------------------------------
     0 | D:1      | lysyklops the Draconian Berserker began the quest for the Orb.
     0 | D:1      | Reached XP level 1. HP: 19/19 MP: 1/1
     7 | D:1      | Reached XP level 2. HP: 25/26 MP: 2/2
   799 | D:2      | Reached XP level 3. HP: 33/33 MP: 3/3
  1110 | D:2      | Reached ** piety under Trog
  1468 | D:3      | Killed from afar by an orc priest

Skill      XL: |  1  2 |
---------------+-------+-----
Dodging        | 3 |  3.3
Fighting       | |  3.8
Long Blades    | |  3.4

Action                   || total
-------------------------++-------
Melee: Falchion          ||    74
       Tailslap          ||     8
Invok: Berserk           ||     1
 Stab: Sleeping          ||     3
  Eat: Chunk             ||     1
Armor: Skin              ||    30
Dodge: Dodged            ||    45
       Rpst.: Falchion   ||    19
